 Seeded DCSS version 0.29.1-15-g9cfb28693d (webtiles) character file.

Game seed: 10614821823285957353 (custom seed)

20 Smoke131 the Chopper (level 2, 0/31 HPs)
             Began as an Ogre Gladiator on Feb 28, 2023.
             Succumbed to an adder's poison
             ... on level 2 of the Dungeon.
             The game lasted 00:02:05 (755 turns).

Smoke131 the Chopper (Ogre Gladiator)                Turns: 755, Time: 00:02:05

Health: 0/31       AC:  3    Str: 17    XL:     2   Next: 79%
Magic:  2/2        EV: 10    Int:  9    God:
Gold:   47         SH:  0    Dex: 10    Spells: 1/1 levels left

rFire   . . .      SeeInvis .   a - +0 war axe
rCold   . . .      Faith    .   (no shield)
rNeg    . . .      Spirit   .   b - +0 robe
rPois   .          Reflect  .   c - +0 hat
rElec   .          Harm     .   (no cloak)
rCorr   .          Rampage  .   (gloves unavailable)
Will    .....                   (boots unavailable)
Stlth   +.........              (no amulet)
HPRegen 0.10/turn               (no ring)
MPRegen 0.08/turn               (no ring)

@: lethally poisoned (0 -> -6), attractive
A: large, unfitting armour, tough skin 1
a: no special abilities


You were on level 2 of the Dungeon.
You visited 1 branch of the dungeon, and saw 2 of its levels.

You collected 47 gold pieces.

Inventory:

Hand Weapons
 a - a +0 war axe (weapon)
Missiles
 d - 3 throwing nets (quivered)
Armour
 b - a +0 robe (worn)
 c - a +0 hat (worn)
Scrolls
 f - a scroll of teleportation {unknown}
Potions
 h - a potion of curing {unknown}
 i - a potion of flight {unknown}


   Skills:
 + Level 3.1 Fighting
 + Level 3.2 Axes
 + Level 2.3 Throwing
 + Level 2.9 Dodging


You had one spell level left.
You didn't know any spells.
Your spell library was empty.

Dungeon Overview and Level Annotations

Branches:
Dungeon (2/15)

Altars:

Shops:
D:1 [


Innate Abilities, Weirdness & Mutations

You are too large for most types of armour.
You have tough skin. (AC +1)


Message History

The giant cockroach bites you but does no damage.
The adder closely misses you.
You closely miss the adder.
The adder is lightly wounded.
You closely miss the giant cockroach.
You feel sick.
The giant cockroach bites you but does no damage.
The adder bites you. The giant cockroach barely misses you.
The adder barely misses you.
You barely miss the adder.
The adder is lightly wounded.
You hit the giant cockroach.
You kill the giant cockroach!
You feel sick.
You are no longer poisoned.
The adder barely misses you.
You miss the adder.
The adder is lightly wounded.
The adder closely misses you. The adder bites you.
You are poisoned.
The adder poisons you!
You hit the adder but do no damage. Your punch misses the adder.
You feel very sick. The adder barely misses you. x2
Throw: large rock
Press: ? - help, Q - select action, (/) - cycle Shift-Dir - straight line, f - adder
Aim: an adder (38% to hit)
You throw a large rock. The large rock misses the adder.
You feel sick. The adder closely misses you. x2
You miss the adder.
You feel sick. The adder closely misses you. The adder bites you.
* * * LOW HITPOINT WARNING * * *
You slash the adder!
The adder is severely wounded.
You feel sick. The adder bites you.
* * * LOW HITPOINT WARNING * * *
You are lethally poisoned!
The adder poisons you! The adder closely misses you.
It was a potion of attraction.
You feel attractive to monsters.
You die...

#.# #########.#
#.........# ##
#.####..### .. #†#
#..# .# . #.# #..#
###.###.. #.#
#..####........
#.####..............
#......<####@.......
######### #S.......
......... ..........
...........
####...?....
#(....... #########


You could see an adder.

Vanquished Creatures
  A ball python (D:1)
  3 bats (D:1)
  An endoplasm (D:1)
  2 giant cockroaches (D:2)
  2 goblins (D:1)
  A hobgoblin (D:1)
  A kobold (D:1)
  A frilled lizard (D:1)
  7 rats (D:1)
19 creatures vanquished.

Notes
Turn   | Place    | Note
-------+----------+-------------------------------------------
     0 | D:1      | Smoke131 the Ogre Gladiator began the quest for the Orb.
     0 | D:1      | Reached XP level 1. HP: 22/22 MP: 1/1
    84 | D:1      | Found Ginufishri's Armour Emporium.
   140 | D:1      | Reached XP level 2. HP: 27/29 MP: 2/2
   755 | D:2      | Succumbed to an adder's poison

Illustrated notes

Levels and vault maps discovered:
D:1:      mainiacjoe_arrival_reflecting_pool, layout_loops_cross, serial_shops,
          shop_fountains, shop, shop_statue, dreamdust_ecumenical_altar_grove,
          minivault_24, due_unseen_surprise
D:2:      layout_basic, kennysheep_generic_room_15

Skill      XL: |  1  2 |
---------------+-------+-----
Fighting       | 3 |  3.1
Axes           | |  3.2
Throwing       | |  2.3
Dodging        | |  2.9

Action                   || total
-------------------------++-------
Melee: War axe           ||    64
Throw: Large rock        ||     1
  Use: Potion            ||     1
Armor: Robe              ||    26
Dodge: Dodged            ||    48
